 Dungeon Crawl Stone Soup version 0.29-a0-40-g8eb35efe60 (webtiles) character file.

Game seed: 12922542986462220292

157 enile the Skirmisher (level 5, -4/58 HPs)
             Began as an Ogre Fire Elementalist on Feb 1, 2022.
             Was a Plaything of Xom.
             Succumbed to an orc's poison
             ... on level 3 of the Dungeon.
             The game lasted 00:03:49 (4243 turns).

enile the Skirmisher (Ogre Fire Elementalist)       Turns: 4243, Time: 00:03:50

Health: -4/58      AC:  3    Str: 12    XL:     5   Next: 38%
Magic:  1/9        EV: 10    Int: 18    God:    Xom [......]
Gold:   104        SH:  0    Dex:  9    Spells: 7/10 levels left

rFire   . . .      SeeInvis .   l - +0 flail (vorpal)
rCold   . . .      Faith    .   (no shield)
rNeg    . . .      Spirit   .   a - +0 robe
rPois   .          Reflect  .   (helmet restricted)
rElec   .          Harm     .   (no cloak)
rCorr   .          Rampage  .   (gloves unavailable)
Will    .....                   (boots unavailable)
Stlth   +.........              (no amulet)
HPRegen 0.19/turn               (no ring)
MPRegen 0.11/turn               (no ring)

@: lethally poisoned (-4 -> -26)
A: large, unfitting armour, tough skin 1
a: Renounce Religion


You were on level 3 of the Dungeon.
You worshipped Xom.
You were a very special plaything of Xom.
You visited 1 branch of the dungeon, and saw 3 of its levels.

You collected 104 gold pieces.

Inventory:

Hand Weapons
 e - a +0 whip
 g - a +1 dagger of speed
 k - a +0 halberd
 l - a +0 vorpal flail (weapon)
Armour
 a - a +0 robe (worn)
Jewellery
 b - a ring of wizardry
 o - a +6 ring of intelligence
 p - a ring of willpower
Scrolls
 c - a scroll of brand weapon {unknown}
 f - a scroll of blinking {unknown}
 h - a scroll of teleportation {unknown}
 j - a scroll of fear {unknown}
 m - 2 scrolls of vulnerability {unknown}
Potions
 i - a potion of lignification {unknown}
 n - a potion of resistance {unknown}
 q - a potion of mutation {unknown}
 r - a potion of attraction {unknown}


   Skills:
 + Level 5.6 Fighting
 - Level 2.0 Dodging
 - Level 1.4 Stealth
 - Level 3.0 Spellcasting
 - Level 1.0 Conjurations
 - Level 3.0 Fire Magic


You had 7 spell levels left.
You knew the following spells:

 Your Spells              Type           Power      Damage    Failure   Level
a - Foxfire               Conj/Fire      36%        2x1d5     7%          1
b - Scorch                Fire           26%        2d6       7%          2

Your spell library contained the following spells:

 Spells                   Type           Power      Damage    Failure   Level
 Conjure Flame            Conj/Fire      9%         6-21      22%         3
 Inner Flame              Hex/Fire       8%         N/A       26%         3
 Flame Wave               Conj/Fire      9%         2d5       56%         4


Dungeon Overview and Level Annotations

Branches:
Dungeon (3/15)

Altars:
Xom


Innate Abilities, Weirdness & Mutations

You are too large for most types of armour.
You have tough skin. (AC +1)


Message History

* * * LOW HITPOINT WARNING * * *
You are more poisoned.
It was a potion of curing.
You feel better.
The orc hits you with a +1 dagger of venom.
* * * LOW HITPOINT WARNING * * *
You are poisoned.
There are monsters nearby!
You feel better.
The orc hits you with a +1 dagger of venom.
* * * LOW HITPOINT WARNING * * *
You are poisoned.
You hit the orc but do no damage. You punch the orc, but do no damage.
The orc is moderately wounded.
You feel very sick. The orc hits you but does no damage.
You are lethally poisoned!
The orc barely misses you.
Okay, then.
Casting: Scorch (safe; 7% risk of failure)
Confirm with . or Enter, or press ? or * to list all spells.
You don't have enough magic to cast this spell.
Casting: Scorch (safe; 7% risk of failure)
Confirm with . or Enter, or press ? or * to list all spells.
You don't have enough magic to cast this spell.
You closely miss the orc.
The orc is moderately wounded.
* * * LOW HITPOINT WARNING * * *
You feel very sick. The orc closely misses you.
You hit the orc but do no damage.
The orc is moderately wounded.
* * * LOW HITPOINT WARNING * * *
You feel very sick.
The orc hits you with a +1 dagger of venom.
* * * LOW HITPOINT WARNING * * *
You are more poisoned.
You sock the orc!
You kill the orc!
You die...
Xom titters!

##...., , ,..#* * * #..# ...
,** ***** *### ** * ..####...,
* , ,... ** .......# .# *,
,,,, ,..,,**,* ).#....##.. ,,
, ,,..,,**,*
..#.........#*,*** ** .# * *,*
....###......., **.# *,*
.......##.##..☼#######)#####.*
................@§ow§.)......
###..#.####...#####§##.#####.*
###).#..####..#####.##.####
##......................... **
#..##......#...####.##.####
#.## .......,*.####..#.####,
,* #.# .).... #............# ,
..# ......* ######.......# ,
)## ..... #.......#, ,,


You could see a worm and an orc.

Vanquished Creatures
  An orc priest (D:3)
  Robin (D:2)
  5 gnolls
  An adder (D:2)
  A dart slug (D:1)
  5 orcs (D:3)
  2 endoplasms
  A giant cockroach (D:1)
  16 goblins
  5 hobgoblins
  2 quokkas
  4 ball pythons
  4 bats
  2 frilled lizards
  5 kobolds
  A rat (D:3)
56 creatures vanquished.

Vanquished Creatures (others)
  221 foxfires
221 creatures vanquished.

Grand Total: 277 creatures vanquished

Notes
Turn   | Place    | Note
-------+----------+-------------------------------------------
     0 | D:1      | enile the Ogre Fire Elementalist began the quest for the
                  | Orb.
     0 | D:1      | Reached XP level 1. HP: 16/16 MP: 3/3
   118 | D:1      | Reached skill level 1 in Conjurations
   362 | D:1      | Reached skill level 1 in Fighting
   460 | D:1      | Reached XP level 2. HP: 28/28 MP: 1/5
   540 | D:1      | Reached skill level 2 in Fighting
   972 | D:1      | Reached skill level 3 in Fighting
   972 | D:1      | Reached XP level 3. HP: 37/37 MP: 3/6
  1656 | D:1      | Learned a level 2 spell: Scorch
  1939 | D:1      | Reached skill level 4 in Fighting
  2105 | D:2      | Reached XP level 4. HP: 40/48 MP: 2/8
  2770 | D:2      | Noticed Robin
  3116 | D:2      | Killed Robin
  3509 | D:2      | Found a faded altar of an unknown god.
  3578 | D:2      | Prayed at the altar of an unknown god.
  3578 | D:2      | Became a worshipper of Xom of Chaos
  3809 | D:3      | Reached XP level 5. HP: 55/55 MP: 5/9
  3864 | D:3      | XOM: divination: magic mapping
  3928 | D:3      | Reached skill level 5 in Fighting
  3948 | D:3      | XOM: silly message
  4218 | D:3      | XOM: divination: magic mapping
  4230 | D:3      | XOM: smoke on damage
  4242 | D:3      | HP: 1/58 [orc (4)]
  4243 | D:3      | Succumbed to an orc's poison

Illustrated notes

Levels and vault maps discovered:
D:1:      dpeg_arrival_radiant, layout_loops_ring, minmay_hexomino_f4
D:2:      layout_rooms, basic_ecumenical_altar, uniq_jessica, uniq_robin
D:3:      layout_rooms, nemelex_spade_bored_becter, guppyfry_early_orc_mine

Skill      XL: |  1  2  3  4  5 |
---------------+----------------+-----
Conjurations   | 1 |  1.0
Fighting       | 1 3 4 5 |  5.6
Fire Magic     | 3 |  3.0
Spellcasting   | 3 |  3.0
Dodging        | 2 |  2.0
Stealth        | |  1.4

Action                   |  1- 3 |  4- 6 || total
-------------------------+-------+-------++-------
Melee: Unarmed           |     5 |       ||     5
       Dagger            |     7 |       ||     7
       Flail             |       |    21 ||    21
       Punch             |       |     1 ||     1
 Cast: Foxfire           |    70 |    67 ||   137
       Scorch            |     4 |    15 ||    19
  Use: Potion            |       |     2 ||     2
Armor: Robe              |     7 |    10 ||    17
Dodge: Dodged            |    12 |    23 ||    35

Table legend: (Time is in decaauts)
 A = Elapsed time spent in this place.
 B = Non-inter-level travel time spent in this place.
 C = Inter-level travel time spent in this place.
 D = Time resting spent in this place.
 E = Time spent auto-exploring this place.
 F = Levels seen in this place.
 G = Mean time per level.
                   A        B        C        D        E       F      G
               +--------+--------+--------+--------+--------+-----+--------+
         Total |   4252 |   4125 |    127 |    716 |   2816 |   3 | 1417.3 |
       Dungeon |   4252 |   4125 |    127 |    716 |   2816 |   3 | 1417.3 |
               +--------+--------+--------+--------+--------+-----+--------+

Top non-repeatable levels by time:
     D:1: 2677 daAuts
     D:2: 1022 daAuts
     D:3: 552 daAuts
